 Dungeon Crawl Stone Soup version 0.27.1-33-g824d729ab1 (webtiles) character file.

Game seed: 2549290477851855071

433 zeram the Covert (level 7, -4/37 (45) HPs)
             Began as an Octopode Brigand on Nov 28, 2021.
             Was an Initiate of Gozag.
             Slain by a wight (13 damage)
             ... on level 4 of the Dungeon.
             The game lasted 00:06:04 (3486 turns).

zeram the Covert (Octopode Brigand)                 Turns: 3486, Time: 00:06:05

HP:   -4/37 (45)    AC:  1    Str: 10    XL:     7   Next: 0%
MP:   7/7           EV: 13    Int: 16    God:    Gozag
Gold: 237           SH:  0    Dex: 13    Spells: 6/6 levels left

rFire    + . .     SeeInvis .   a - +2 dagger
rCold    . . .     Faith    .   (no shield)
rNeg     + . .     Spirit   .   (helmet restricted)
rPois    .         Reflect  .   (no amulet)
rElec    .         Harm     .   f - ring of wizardry
rCorr    .         Rampage  .   j - ring of positive energy
Will     .....                  l - ring of protection from fire
Stlth    +++++.....             (no ring)
HPRegen  0.12/turn              (no ring)
MPRegen  0.10/turn              (no ring)
                                (no ring)
                                (no ring)

@: heavily drained
A: almost no armour, amphibious, 8 rings, camouflage 1, gelatinous body 1,
(nimble swimmer 1), tentacles
a: Renounce Religion, Potion Petition, Call Merchant, Bribe Branch


You were on level 4 of the Dungeon.
You worshipped Gozag.
Gozag was aware of your devotion.
You visited 2 branches of the dungeon, and saw 5 of its levels.

You collected 271 gold pieces.
You paid 34 gold pieces to Gozag.

Inventory:

Hand Weapons
 a - a +2 dagger (weapon)
Missiles
 b - 25 poisoned darts (quivered)
 c - 2 curare-tipped darts
Jewellery
 f - a ring of wizardry (left tentacle)
 j - a ring of positive energy (right tentacle)
 l - a ring of protection from fire (on tentacle)
Wands
 o - a wand of polymorph (14)
Scrolls
 g - 3 scrolls of identify
 h - a scroll of vulnerability
 i - a scroll of blinking
 q - a scroll of enchant armour {unknown}
Potions
 d - a potion of heal wounds
 e - a potion of magic
 k - a potion of curing {unknown}
 m - a potion of degeneration {unknown}
 n - a potion of attraction {unknown}
 p - a potion of brilliance {unknown}


   Skills:
 - Level 2.0 Fighting
 + Level 4.2 Short Blades
 - Level 2.0 Throwing
 + Level 2.3 Dodging
 + Level 9.3 Stealth


You had 6 spell levels left.
You didn't know any spells.
Your spell library was empty.

Dungeon Overview and Level Annotations

Branches:
Dungeon (4/15)             Temple (1/1) D:4

Altars:
Cheibriados
Gozag
Kikubaaqudgha
Makhleb
Nemelex Xobeh
Okawaru
Qazlal
Ru
Sif Muna
Trog
Vehumet
Xom
Zin

Annotations:
D:3 3 runed translucent doors, osinmv's ghost, amateur DDHu


Innate Abilities, Weirdness & Mutations

You cannot wear most types of armour.
You are amphibious.
You can wear up to eight rings at the same time.
Your skin changes colour to match your surroundings (Stealth+).
Your rubbery body absorbs attacks. (AC +1, EV +1)
((You are camouflaged near water. (Stealth+)))
You have tentacles for arms and can constrict up to eight enemies at once.


Message History

You climb downwards.
There is a stone staircase leading up here.
No target in view!
No target in view!
A wight is nearby!
You closely miss the wight. Your grab misses the wight.
You squeeze the wight, but do no damage.
The wight closely misses you.
You hit the wight. You grab the wight.
The wight is moderately damaged.
You constrict the wight, but do no damage.
The wight hits you with a +4 mace!
You hit the wight but do no damage.
The wight is moderately damaged.
You constrict the wight. The wight hits you with a +4 mace.
You partially resist.
You feel drained.
You hit the wight.
The wight is heavily damaged.
You constrict the wight, but do no damage.
You hit the wight.
The wight is severely damaged.
You constrict the wight. The wight hits you with a +4 mace!
You partially resist.
You feel drained.
You release your grip on the wight.
You hit the wight. You grab the wight.
The wight is almost destroyed.
You constrict the wight, but do no damage.
The wight barely misses you.
You hit the wight but do no damage.
The wight is almost destroyed.
You constrict the wight, but do no damage.
The wight hits you with a +4 mace!
* * * LOW HITPOINT WARNING * * *
You partially resist.
You feel drained.
You hit the wight but do no damage.
The wight is almost destroyed.
You constrict the wight, but do no damage.
The wight hits you with a +4 mace!
You die...
Your body crumbles into a pile of gold.

##......#.#.###
##.........#...########
#..........#.#.........
#............##....# .
#..........#.......# ..
#....!.......#....#..#
#.................#..#
##........z..#).......
#.).....@###..>..#....
......(...##.#...#...≈≈
..................#..≈≈
#............[######....
#.........<..## #....
##..........#...#####.#
..#........####.....#.#
# ..........## ####.#.##
.. ..........# #....#..#


You could see a wight.

Vanquished Creatures
  Grinder (D:4)
  A scorpion (D:4)
  A wight (D:3)
  An orc wizard (D:4)
  2 adders
  A worm (D:2)
  15 orcs
  4 endoplasms
  A giant cockroach (D:2)
  4 goblins
  5 hobgoblins
  3 jackals (D:3)
  9 ball pythons
  2 bats
  3 frilled lizards
  4 kobolds
  5 rats
62 creatures vanquished.

Vanquished Creatures (others)
  2 plants (D:4)
2 creatures vanquished.

Grand Total: 64 creatures vanquished

Notes
Turn   | Place    | Note
-------+----------+-------------------------------------------
     0 | D:1      | zeram the Octopode Brigand began the quest for the Orb.
     0 | D:1      | Reached XP level 1. HP: 14/14 MP: 1/1
   198 | D:1      | Reached XP level 2. HP: 18/19 MP: 2/2
   740 | D:1      | Reached skill level 6 in Stealth
   792 | D:1      | Found a faded altar of an unknown god.
  1015 | D:2      | Reached XP level 3. HP: 24/24 MP: 3/3
  1135 | D:2      | You fall into a shaft and drop 2 floors!
  1259 | D:2      | Found an ancient bone altar of Kikubaaqudgha.
  1769 | D:3      | Reached skill level 7 in Stealth
  1794 | D:3      | You fall into a shaft and drop 1 floor!
  1802 | D:4      | Found a staircase to the Ecumenical Temple.
  1841 | Temple   | Entered the Ecumenical Temple
  1919 | Temple   | Became a worshipper of Gozag Ym Sagoz the Greedy
  1957 | D:3      | Found a runed translucent gate.
  1957 | D:3      | Found a runed translucent gate.
  1957 | D:3      | Found a runed translucent gate.
  1962 | D:3      | Reached XP level 4. HP: 24/29 MP: 4/4
  2191 | D:3      | Found an iron altar of Okawaru.
  2509 | D:3      | Found a sacrificial altar of Ru.
  2952 | D:3      | Noticed osinmv's ghost (amateur DDHu)
  2971 | D:4      | Noticed a scorpion
  2983 | D:4      | Killed a scorpion
  2984 | D:4      | Reached skill level 8 in Stealth
  2984 | D:4      | Reached XP level 5. HP: 34/34 MP: 5/5
  3327 | D:4      | Noticed Grinder
  3347 | D:4      | Killed Grinder
  3348 | D:4      | Reached skill level 9 in Stealth
  3348 | D:4      | Reached XP level 6. HP: 39/39 MP: 6/6
  3394 | D:3      | Reached XP level 7. HP: 31/41 MP: 7/7
  3486 | D:4      | Slain by a wight

Illustrated notes

Levels and vault maps discovered:
D:1:      amcnicky_arrival_double_pillar, layout_loops_ring,
          hellmonk_ecumenical_altar_leap_of_faith
D:2:      layout_basic, basic_altar
D:3:      layout_rooms, nicolae_ru_path_of_blood, overflow_temple_1_default,
          gammafunk_ghost_necromancy
D:4:      layout_rooms, nicolae_wu_jian_wuxing_cycle, old_standard_altar,
          nicolae_hepliaklqana_hazy_memory, minmay_temple_entry_nine_rooms,
          uniq_grinder
Temple:   compressed_dpeg_circular_temple

Skill      XL: |  1  2  3  4  5 |
---------------+----------------+-----
Stealth        | 6 7 8 9 |  9.3
Short Blades   | 3 4 |  4.2
Dodging        | 2 |  2.3
Fighting       | |  2.0
Throwing       | |  2.0

Action                   |  1- 3 |  4- 6 |  7- 9 || total
-------------------------+-------+-------+-------++-------
Melee: Dagger            |    52 |    84 |     8 ||   144
       Constrict         |    14 |    22 |     2 ||    38
       Tentacles         |     6 |    21 |     1 ||    28
  Use: Scroll            |     3 |     3 |       ||     6
       Potion            |       |     3 |       ||     3
 Stab: Sleeping          |    10 |     3 |       ||    13
       Distracted        |     1 |       |       ||     1
Armor: Skin              |       |     1 |       ||     1
Dodge: Dodged            |    12 |    46 |     2 ||    60
